cannibale, neutral female human Archeologist -------- .......| ------- |.......# |.....| ------------ |......|# #.....[.# |.!!!!!!!!!| ........####-------# #(-@!!!!]!!!!| ----.---# # # |.!m!!!!!!!| # # ### |.@f!!!!!!!| ##### # # |.m!!!!!!!!| ----|----- ### ------------ |........| # # |.......<| ## .........| ---------- cannibale the Field Worker Experience level: 3 Strength: 11 Dexterity: 9 Constitution: 12 Intelligence: 18 Wisdom: 15 Charisma: 10 Health: 0(22) Energy: 10(10) Def: 3 Gold: 189 Moves: 843 Dungeon seed: n-ghbEhKwkEd5FKs Game ID: cannibale_1525259857 Your Inventory: Coins $ - 189 gold pieces Weapons a - a +2 bullwhip (weapon in hand) k - a blessed +1 orcish dagger l - a +0 orcish dagger Armor e - an uncursed +0 leather jacket (being worn) n - an uncursed +0 dwarvish cloak (being worn) y - a cursed -1 pair of gauntlets of dexterity (being worn) N - an uncursed +0 pair of low boots (being worn) Y - a blessed +0 helm of brilliance (being worn) Comestibles b - 8 uncursed food rations i - an uncursed tin of jackal meat Wands m - a wand of create monster (0:10) Tools d - a tinning kit (0:61) f - an uncursed sack Gems q - an uncursed touchstone r - 2 uncursed worthless pieces of white glass (in quiver) Contents of the sack: an uncursed scroll of charging a blessed spellbook of identify Spells and supernatural/magical abilities: Name Level Category Fail Memory I - identify 3 divination 92% 97% W - pray for help -- divine ? -- Your skills at the end: Fighting Skills Weapon Skills pick-axe [Basic] whip [Basic] Spellcasting Skills Final Attributes: You were piously aligned. You were stealthy. You were held by a giant mimic. You were fast. You were lucky. You are dead. Vanquished creatures: a dwarf a hobbit 2 gnomes 3 jackals 3 goblins 3 grid bugs a bat 4 lichens 4 newts 22 creatures vanquished. Voluntary challenges: You followed a strict vegan diet. You were an atheist. You used a wielded weapon 21 times, starting on turn 1. You read items or engraved 15 times, starting on turn 140. You never genocided any monsters. You never polymorphed an object. You never changed form. You used no wishes. You never split a pudding. You wrote Elbereth's name 2 times, starting on turn 802. You never violated your personal moral code. Dungeon overview: The Dungeons of Doom: levels 1 to 3 Level 1 some fountains a long staircase Level 2 stairs to The Gnomish Mines Level 3 <- You were here a potion shop The Gnomish Mines: Level 3 stairs to The Dungeons of Doom History has recorded: On T:1 you entered the Dungeons of Doom to retrieve the Amulet of Yendor! On T:387 you reached level 2 of The Dungeons of Doom. On T:416 you advanced to experience level 2. On T:597 you reached level 1 of The Gnomish Mines. On T:608 you advanced to experience level 3. On T:777 you reached level 3 of The Dungeons of Doom. Score breakdown: Gold: 189 ( 7751 points) Experience: 3 levels ( 7878 points) Exploration: 3 levels ( 6.12%) ( 6123 points) Discoveries: 6 items ( 2.01%) ( 4256 points) Valuables value: (no points given unless you survive) Artifact value: 0 ( 0 points) Variety of kills: 9 monsters ( 2.36%) ( 4610 points) Turncount: 843 turns ( 0 points) Survival: died (score multiplied by 80%) Total score: 24494 Latest messages: You put an uncursed scroll of charging into the sack. You see here a leather jacket. You drop a +0 pick-axe. "Hello, cannibale! Welcome to Konosja's liquor emporium!" You are now wielding your bullwhip. You see here a puce potion (66 zorkmids). You see here a black potion (533 zorkmids). You think there's a mimic there. You miss it. The large mimic hits! Wait! That's a giant mimic! You cannot escape from the giant mimic! (4x) The giant mimic hits! (2x) The large mimic hits! You die... Konosja gratefully inherits all your possessions. Final status: Goodbye cannibale the Archeologist, killed by a large mimic... You died in The Dungeons of Doom on dungeon level 3 with 24494 points, and 189 pieces of gold, after 843 moves. You were level 3 with a maximum of 22 hit points when you died.